 Dungeon Crawl Stone Soup version 0.18.1-48-g4cf74bf (webtiles) character file.

58 Freeplumber the Charlatan (level 3, -2/31 HPs)
             Began as a Deep Dwarf Artificer on July 3, 2016.
             Slain by an orc
             ... wielding a +0 short sword
              (3 damage)
             ... on level 3 of the Dungeon on July 5, 2016.
             The game lasted 00:13:40 (719 turns).

Freeplumber the Charlatan (Deep Dwarf Artificer)     Turns: 719, Time: 00:13:40

Health: -2/31      AC:  3    Str: 14    XL:     3   Next: 76%
Magic:  2/5        EV: 12    Int: 12    God:
Gold:   87         SH:  0    Dex: 12    Spells: 0 memorised, 2 levels left

rFire  . . .     SeeInvis .     a - +1 short sword
rCold  . . .     Gourm    .     b - +0 leather armour
rNeg   . . .     Faith    .     (no shield)
rPois  .         Spirit   .     (no helmet)
rElec  .         Dismiss  .     (no cloak)
rCorr  .         Reflect  .     (no gloves)
SustAt .         Harm     .     (no boots)
MR     .....                    (no amulet)
Stlth  ++........               (no ring)
                                (no ring)

@: non-regenerating, not resistant to hostile enchantments, unstealthy
A: damage resistance, recharge devices, clumsy 1, deterioration 1, sense
surroundings 1, slow regeneration 3, MP-powered wands
a: Device Recharging


You were on level 3 of the Dungeon.
You were not hungry.

You visited 1 branch of the dungeon, and saw 3 of its levels.

You collected 87 gold pieces.

Inventory:

Hand Weapons
 a - a +1 short sword (weapon)
 o - a +0 short sword
 p - a +0 short sword
Missiles
 i - 4 poisoned needles
Armour
 b - a +0 leather armour (worn)
 k - a +1 cloak
Wands
 c - a wand of flame (13/48)
 d - a wand of enslavement (21/24)
 e - a wand of random effects (9/48)
 f - a wand of heal wounds (3/9)
Scrolls
 h - a scroll of identify
Comestibles
 g - 4 bread rations
 j - 3 fruits
 l - a meat ration


   Skills:
 + Level 1.1 Fighting
 + Level 1.1 Short Blades
 + Level 1.0 Armour
 + Level 3.0 Dodging
 + Level 2.1 Stealth
 + Level 4.8 Evocations


You had 2 spell levels left.
You didn't know any spells.

Dungeon Overview and Level Annotations

Branches:
Dungeon (3/15)

Altars:


Innate Abilities, Weirdness & Mutations

You are resistant to damage.
You can recharge devices by infusing magical energy.
You passively map a small area around you.
You do not regenerate naturally.
You are clumsy. (Dex -2)
Your body sometimes deteriorates upon taking damage.
You expend magic power (3 MP) to strengthen your wands.


Message History

What do you say? t - Shout!
Orders for allies: a - Attack new target. p - Attack previous target. r - Retreat! s - Stop attacking. w - Wait here. f - Follow me.
Anything else - Stay silent.
Gang up on whom?
Press: ? - help, Dir - move target cursor, f - sky beast, p - gnoll
Aim: a sky beast Attack!
You hear a shout! x3
The sky beast hits you. The sky beast shocks you.
* * * LOW HITPOINT WARNING * * *
The sky beast flickers out of sight!
Deactivating autopickup; reactivate with Ctrl-A.
A sky beast appears from thin air!
Reactivating autopickup.
The ogre shouts!
The orc hits you with a short sword.
You die...

,
.##....###.###.....g..###.#
,
.####...........#....(....#
,
,,,.........#...#####g#####
#.....S...............>..# ,
....,.................### *
,....,,.).............##
..,,... #.#.....#...##.#
#,#.. ..# ##.#.#######.##.#
#.#.#*#.#.#...o@....##g##g#
#.#.# #.#.....Y####g##.##.#
#.#.###.######.# #.##g...#
##.....≈...g....# #.##..#.#
#....#.##.##########.##..#,#
#.##....#.# #.....##..#.#
#.......#.# *######.##....#
#..##...#.# ...........#..#
.., #.....# #.#####.####..#


You could see a sky beast, a gnoll and an orc.

Vanquished Creatures
  2 adders (D:2)
  A worm (D:2)
  2 dart slugs
  A giant gecko (D:1)
  2 orcs (D:3)
  A ball python (D:2)
  A giant cockroach (D:1)
  3 goblins (D:2)
  3 hobgoblins (D:2)
  3 kobolds
  A quokka (D:2)
  5 giant newts
  6 rats
31 creatures vanquished.

Vanquished Creatures (collateral kills)
  A giant gecko (D:3)
  A goblin (D:2)
  2 kobolds
4 creatures vanquished.

Vanquished Creatures (others)
  An adder (D:3)
1 creature vanquished.

Grand Total: 36 creatures vanquished

Notes
Turn   | Place    | Note
--------------------------------------------------------------
     0 | D:1      | Freeplumber the Deep Dwarf Artificer began the quest for the Orb.
     0 | D:1      | Reached XP level 1. HP: 16/16 MP: 3/3
    47 | D:1      | Noticed a big kobold
    47 | D:1      | Noticed a big kobold
    47 | D:1      | Noticed a troll
    52 | D:1      | Noticed a big kobold
    58 | D:1      | Noticed a big kobold
   196 | D:1      | Reached skill level 1 in Fighting
   196 | D:1      | Reached XP level 2. HP: 15/25 MP: 5/5
   274 | D:2      | Gained mutation: Your body sometimes deteriorates upon taking damage. [potion of mutation]
   274 | D:2      | Gained mutation: You are clumsy. (Dex -2) [potion of mutation]
   274 | D:2      | Gained mutation: You expend magic power (3 MP) to strengthen your wands. [potion of mutation]
   372 | D:2      | Reached XP level 3. HP: 21/31 MP: 0/6
   462 | D:2      | Reached skill level 1 in Short Blades
   499 | D:2      | Reached skill level 1 in Armour
   606 | D:3      | Noticed an ogre
   701 | D:3      | Noticed a sky beast
   712 | D:3      | HP: 1/31 [sky beast (3)]
   719 | D:3      | Slain by an orc

Skill      XL: |  1  2  3 |
---------------+----------+-----
Fighting       | 1 |  1.1
Short Blades   | 1 |  1.1
Stealth        | 2 |  2.1
Armour         | 1 |  1.0
Dodging        | 3 |  3.0
Evocations     | |  4.8

Action                   || total
-------------------------++-------
Melee: Short sword       ||    93
 Abil: Device Recharging ||     1
Evoke: Wand              ||    15
  Use: Potion            ||     4
       Scroll            ||     7
 Stab: Sleeping          ||     1
       Confused          ||     1
       Paralysed         ||     1
Armor: Leather armour    ||    37
Dodge: Dodged            ||    99
